 Dungeon Sprint DCSS version 0.19-a0-1803-g97ff39f (webtiles) character file.

1197 Naow the Bludgeoner (level 8, -10/64 HPs)
             Began as a Minotaur Fighter on Oct 5, 2016.
             Was a Believer of Makhleb.
             Mangled by a komodo dragon (18 damage)
             ... in the Dungeon (Sprint IX: "|||||||||||||||||||||||||||||").
             The game lasted 00:02:53 (347 turns).

Naow the Bludgeoner (Minotaur Fighter)               Turns: 347, Time: 00:02:53

Health: -10/64     AC: 19    Str: 21    XL:     8   Next: 20%
Magic:  7/7        EV:  9    Int:  7    God:    Makhleb [**....]
Gold:   0          SH:  0    Dex: 13    Spells: 0 memorised, 7 levels left

rFire  . . .     SeeInvis .     v - +2 dire flail (protect)
rCold  . . .     Gourm    .     s - +1 scale mail
rNeg   . . .     Faith    .     (shield currently unavailable)
rPois  .         Spirit   .     (helmet restricted)
rElec  .         Dismiss  .     (no cloak)
rCorr  .         Reflect  .     r - +0 pair of gloves
MR     .....     Harm     .     q - +0 pair of boots
Stlth  .......... NoTele   +    (no amulet)
                                u - +3 ring of dexterity
                                t - +2 ring of protection

@: protection aura
A: retaliatory headbutt, horns 2
a: Minor Destruction, Renounce Religion


You were in the Dungeon.
You worshipped Makhleb.
Makhleb was pleased with you.
You were near starving.

You visited 1 branch

Inventory:

Hand Weapons
 a - a +0 flail
 v - a +2 dire flail of protection (weapon)
Armour
 b - a +0 scale mail
 c - a +0 shield
 q - a +0 pair of boots (worn)
 r - a +0 pair of gloves (worn)
 s - a +1 scale mail (worn)
Jewellery
 t - a +2 ring of protection (left hand)
 u - a +3 ring of dexterity (right hand)
Wands
 p - a wand of iceblast (7/15)
Scrolls
 k - 2 scrolls of blinking
 n - 3 scrolls of remove curse
 o - 2 scrolls of amnesia
Potions
 d - a potion of might
 e - 5 potions of curing
 g - 3 potions of heal wounds
 h - a potion of haste
 i - 4 potions of magic
 m - a potion of invisibility
Comestibles
 f - a bread ration
 l - a chunk of flesh


   Skills:
 - Level 3.6 Fighting
 + Level 19.6 Maces & Flails
 - Level 3.6 Armour
 - Level 3.6 Shields


You had 7 spell levels left.
You didn't know any spells.

Dungeon Overview and Level Annotations

Branches:
Dungeon (1/1)

Altars:
Cheibriados
Dithmenos
Elyvilon
Fedhas
Gozag
Hepliaklqana
Kikubaaqudgha
Makhleb
Nemelex Xobeh
Okawaru
Qazlal
Ru
Sif Muna
Trog
Uskayaw
Vehumet
Xom
Yredelemnul
Zin
The Shining One
Beogh
Jiyva
Lugonu


Innate Abilities, Weirdness & Mutations

You reflexively headbutt those who attack you in melee.
You have a pair of horns on your head.


Message History

You hit the komodo dragon but do no damage.
The komodo dragon is lightly wounded.
You hit the komodo dragon but do no damage.
The komodo dragon is lightly wounded.
The komodo dragon bites you!!
You barely miss the komodo dragon. Your headbutt misses the komodo dragon.
The komodo dragon is lightly wounded.
The komodo dragon bites you.
You hit the komodo dragon.
The komodo dragon is lightly wounded.
You sock the komodo dragon!
The komodo dragon is moderately wounded.
The komodo dragon bites you!!
* * * LOW HITPOINT WARNING * * *
Press: ? - help, Shift-Dir - straight line, f - komodo dragon
Aim: a komodo dragon (moderately wounded)
The stone arrow hits the komodo dragon.
The komodo dragon is heavily wounded.
The komodo dragon bites you!!
You die... ▓▓▓▓▓▓▓▓▓▓▓▓▓▓▓▓▓▓▓▓▓▓▓▓ ..|).....'......@lcy...+ ▓▓▓▓▓▓▓▓▓▓▓▓▓▓▓▓▓▓▓▓▓▓▓▓

You could see a centaur warrior, a komodo dragon and a hornet.

Vanquished Creatures
  A kobold demonologist (D)
  A troll (D)
  2 yaks (D)
  A hungry ghost (D)
  2 ice beasts (D)
  A crimson imp (D)
  3 worker ants (D)
  A leopard gecko (D)
  2 giant cockroaches (D)
  2 hobgoblins (D)
  A ball python zombie (D)
  A bat (D)
  A frilled lizard (D)
19 creatures vanquished.

Notes
Turn   | Place    | Note
-------+----------+-------------------------------------------
     0 | D        | Naow the Minotaur Fighter began the quest for the Orb.
     0 | D        | Reached XP level 1. HP: 19/19 MP: 0/0
     4 | D        | Reached skill level 3 in Maces & Flails
     7 | D        | Reached skill level 4 in Maces & Flails
    18 | D        | Noticed a crimson imp
    18 | D        | Noticed an ice beast
    19 | D        | Reached skill level 5 in Maces & Flails
    20 | D        | Reached XP level 2. HP: 26/26 MP: 1/1
    35 | D        | Killed an ice beast
    35 | D        | Reached skill level 10 in Maces & Flails
    35 | D        | Reached XP level 3. HP: 28/31 MP: 2/2
    35 | D        | Reached XP level 4. HP: 35/39 MP: 3/3
    48 | D        | Reached skill level 11 in Maces & Flails
    58 | D        | Found a roughly hewn altar of Beogh.
    58 | D        | Found a snail-covered altar of Cheibriados.
    58 | D        | Found a shadowy altar of Dithmenos.
    58 | D        | Found a white marble altar of Elyvilon.
    58 | D        | Found a blossoming altar of Fedhas.
    58 | D        | Found an opulent altar of Gozag.
    59 | D        | Found a hazy altar of Hepliaklqana.
    60 | D        | Found a viscous altar of Jiyva.
    61 | D        | Found an ancient bone altar of Kikubaaqudgha.
    62 | D        | Found a corrupted altar of Lugonu.
    63 | D        | Found a burning altar of Makhleb.
    64 | D        | Found a sparkling altar of Nemelex Xobeh.
    65 | D        | Found an iron altar of Okawaru.
    66 | D        | Found a stormy altar of Qazlal.
    67 | D        | Found a sacrificial altar of Ru.
    68 | D        | Found a deep blue altar of Sif Muna.
    69 | D        | Found a bloodstained altar of Trog.
    70 | D        | Found a hide-covered altar of Uskayaw.
    71 | D        | Became a worshipper of Makhleb the Destroyer
    72 | D        | Found a radiant altar of Vehumet.
    73 | D        | Found a shimmering altar of Xom.
    74 | D        | Found a basalt altar of Yredelemnul.
    75 | D        | Found a glowing silver altar of Zin.
    76 | D        | Found a glowing golden altar of the Shining One.
   143 | D        | Noticed an ice beast
   143 | D        | Noticed a yak
   143 | D        | Noticed a yak
   143 | D        | Noticed a troll
   147 | D        | Killed an ice beast
   147 | D        | Reached skill level 13 in Maces & Flails
   147 | D        | Reached XP level 5. HP: 45/45 MP: 4/4
   160 | D        | Killed a yak
   160 | D        | Reached skill level 15 in Maces & Flails
   160 | D        | Reached XP level 6. HP: 35/51 MP: 5/5
   163 | D        | Reached * piety under Makhleb
   165 | D        | Reached skill level 16 in Maces & Flails
   171 | D        | Killed a yak
   171 | D        | Reached XP level 7. HP: 40/57 MP: 6/6
   176 | D        | Killed a troll
   176 | D        | Reached ** piety under Makhleb
   176 | D        | Reached skill level 18 in Maces & Flails
   285 | D        | Noticed a hungry ghost
   285 | D        | Noticed a kobold demonologist
   285 | D        | Noticed a komodo dragon
   285 | D        | Noticed a centaur warrior
   285 | D        | Noticed a hornet
   288 | D        | Noticed a ynoxinul
   308 | D        | Killed a hungry ghost
   322 | D        | Noticed a hellwing
   332 | D        | Killed a kobold demonologist
   332 | D        | Reached skill level 19 in Maces & Flails
   332 | D        | Reached XP level 8. HP: 54/64 MP: 7/7
   347 | D        | Mangled by a komodo dragon

Vault maps used:
D:        linesprint

Skill      XL: |  1  2  3  4  5  6  7 |
---------------+----------------------+-----
Maces & Flails | 5 10 13 15 16 19 | 19.6
Fighting       | |  3.6
Armour         | |  3.6
Shields        | |  3.6

Action                   |  1- 3 |  4- 6 |  7- 9 || total
-------------------------+-------+-------+-------++-------
Melee: Flail             |    22 |    11 |       ||    33
       Headbutt          |     2 |     5 |     7 ||    14
       Dire flail        |       |    26 |    60 ||    86
Invok: Minor Destruction |       |       |     1 ||     1
  Use: Potion            |       |       |     1 ||     1
  Eat: Chunk             |       |       |     1 ||     1
Armor: Scale mail        |    11 |     9 |    25 ||    45
Dodge: Dodged            |     4 |     8 |    16 ||    28
Block: Shield            |     7 |     3 |       ||    10
